 Dungeon Crawl Stone Soup version 0.31.0-11-ge490571c62 (webtiles) character file.

Game seed: 12871505957513097693

361 Minsecho the Ducker (level 6, -5/32 HPs)
             Began as a Spriggan Monk on Feb 2, 2024.
             Was an Initiate of Gozag.
             Killed from afar by an orc wizard (9 damage)
             ... with a puff of flame
             ... on level 4 of the Dungeon.
             The game lasted 00:07:22 (3601 turns).

Minsecho the Ducker (Spriggan Monk)                 Turns: 3601, Time: 00:07:24

Health: -5/32      AC:  3    Str:  9    XL:     6   Next: 38%
Magic:  19/19      EV: 20    Int: 12    God:    Gozag
Gold:   344        SH:  0    Dex: 17    Spells: 9/9 levels left

rFire   . . .        a - +0 short sword
rCold   + . .        (no shield)
rNeg    . . .        b - +0 robe
rPois   .            (helmet restricted)
rElec   .            u - +0 cloak
rCorr   .            (gloves unavailable)
SInv    +            (boots unavailable)
Will    +....        (no amulet)
Stlth   ++           i - ring of magical power
HPRegen 0.25/turn    s - ring of protection from cold
MPRegen 0.16/turn

%: no passive effects
@: gold aura, very quick
A: very small, no large weapons, unfitting armour, see invisible, speed 3
a: Renounce Religion, Potion Petition, Call Merchant, Bribe Branch


You were on level 4 of the Dungeon.
You worshipped Gozag.
Gozag was aware of your devotion.
You visited 1 branch of the dungeon, and saw 4 of its levels.

You collected 344 gold pieces.

Inventory:

Hand Weapons
 a - a +0 short sword (weapon)
Missiles
 c - 16 stones (quivered)
Armour
 b - a +0 robe (worn)
 d - an orb of light
 u - a +0 cloak (worn)
Jewellery
 i - a ring of magical power (left hand)
 s - a ring of protection from cold (right hand)
Wands
 j - a wand of roots (1)
Scrolls
 e - 2 scrolls of summoning {unknown}
 g - 4 scrolls of teleportation {unknown}
 k - 2 scrolls of identify {unknown}
 o - a scroll of enchant weapon {unknown}
 p - a scroll of fog {unknown}
 r - a scroll of revelation {unknown}
 t - a scroll of silence {unknown}
Potions
 f - a potion of brilliance {unknown}
 h - a potion of enlightenment {unknown}
 l - a potion of haste {unknown}
 m - a potion of lignification {unknown}
 n - 2 potions of curing {unknown}
 q - a potion of mutation {unknown}


   Skills:
 + Level 3.5 Fighting
 + Level 5.2 Short Blades
 + Level 5.9 Dodging
 * Level 2.3 Stealth
 * Level 2.3 Spellcasting
 + Level 0.6 Evocations


You had 9 spell levels left.
You didn't know any spells.
Your spell library contained the following spells:

 Spells                   Type           Power      Damage    Failure   Level
 Magic Dart               Conj           4%         1d3       26%         1
 Ensorcelled Hibernation  Hex/Ice        2%         N/A       38%         2
 Searing Ray              Conj           2%         2d4       38%         2
 Fugue of the Fallen      Necr           1%         N/A       63%         3
 Anguish                  Hex/Necr       0%         N/A       95%         4
 Fulminant Prism          Conj/Alch      0%         3d5       95%         4


Dungeon Overview and Level Annotations

Branches:
Dungeon (4/15)
 Temple: D:4-7

Altars:
Gozag
Yredelemnul
Zin


Innate Abilities, Weirdness & Mutations

You are very small and have problems with some larger weapons.
You are too small for most types of armour.
You have supernaturally acute eyesight. (SInv)
You cover ground extremely quickly. (Speed+++)


Message History

You hit the orc priest but do no damage.
The orc wizard casts a spell at you. The magic dart hits you!
The orc wizard hits you with a +0 dagger.
The orc priest misses you.
Aiming: Fastroot
Press: ? - help, Shift-Dir - straight line, f - orc priest
Aim: an orc priest, wielding a +0 mace The roots erupt in riotous growth!
Roots grab the orc priest.
Roots grab the orc wizard. x2
Roots grab the adder.
The grasping roots constrict the orc priest.
The grasping roots constrict the orc wizard. x2
The grasping roots constrict the adder!
You hear a shout!
The adder bites you.
The orc wizard struggles to escape constriction.
The orc wizard misses you. The orc priest closely misses you.
Unknown command.
You hit the adder.
You kill the adder!
The grasping roots constrict the orc priest.
The grasping roots constrict the orc wizard. x2
You hit the orc priest.
The orc priest is almost dead.
The grasping roots constrict the orc priest!
You kill the orc priest!
The grasping roots constrict the orc wizard. x2
The roots release their grip on the orc wizard. x2
The orc wizard gestures at you while chanting.
The magic dart hits you!
* * * LOW HITPOINT WARNING * * *
The orc wizard is distracted by your dazzling golden aura.
You miss the orc wizard.
The orc wizard is no longer distracted by gold.
The orc wizard is severely wounded.
The orc wizard casts a spell at you. The puff of flame hits you!
You die...
Your body crumbles into a pile of gold.

.##### ....
......# ..#
......# .. .>.
......#... #.#
#.....#... #.#
#.......#
#.####.......#
#...@$.......#
#...o$o......#
#.####......#####
#.# #...........
#.########.......
#........#.######
#<######.#.. #.#
#.#o## #.# #.#o.


You could see 2 orc wizards.

Vanquished Creatures
  Crazy Yiuf (D:3)
  A bombardier beetle (D:3)
  2 orc priests
  Natasha (thrice) (D:2)
  An orc wizard (D:3)
  Robin (D:3)
  6 adders
  4 dart slugs
  A ribbon worm (D:3)
  4 orcs
  5 endoplasms
  3 giant cockroaches
  10 goblins
  13 hobgoblins
  A kobold (D:2)
  4 ball pythons
  7 bats
  4 frilled lizards
  A rat (D:2)
72 creatures vanquished.

Notes
Turn   | Place    | Note
-------+----------+-------------------------------------------
     0 | D:1      | Minsecho the Spriggan Monk began the quest for the Orb.
     0 | D:1      | Reached XP level 1. HP: 11/11 MP: 2/2
   140 | D:1      | Reached XP level 2. HP: 16/16 MP: 3/3
  1024 | D:2      | Reached XP level 3. HP: 19/19 MP: 4/4
  1066 | D:2      | Found a glowing silver altar of Zin.
  1398 | D:2      | Noticed Natasha
  1408 | D:2      | Killed Natasha
  1409 | D:2      | Reached XP level 4. HP: 11/24 MP: 5/5
  1675 | D:2      | Noticed Natasha
  1688 | D:2      | Killed Natasha
  1747 | D:2      | Noticed Natasha
  1757 | D:2      | Killed Natasha
  1758 | D:2      | Reached skill level 5 in Dodging
  1758 | D:2      | Reached skill level 1 in Spellcasting
  1758 | D:2      | Reached XP level 5. HP: 28/28 MP: 7/7
  2016 | D:3      | Reached skill level 1 in Stealth
  2186 | D:3      | Found an opulent altar of Gozag.
  2305 | D:3      | Found a runed translucent door.
  2306 | D:3      | Noticed Crazy Yiuf
  2506 | D:3      | Became a worshipper of Gozag Ym Sagoz the Greedy
  3113 | D:3      | Noticed Robin
  3119 | D:3      | Reached XP level 6. HP: 27/32 MP: 10/10
  3174 | D:3      | Killed Robin
  3175 | D:3      | Reached skill level 5 in Short Blades
  3232 | D:3      | Found a basalt altar of Yredelemnul.
  3417 | D:3      | Killed Crazy Yiuf
  3601 | D:4      | Killed from afar by an orc wizard

Illustrated notes

Levels and vault maps discovered:
D:1:      heliophobic_arrival_henge, layout_basic
D:2:      layout_basic, basic_altar, uniq_natasha
D:3:      layout_loops_ring, grunt_gozag_statues, lemuel_coloured_pillars_altar,
          minmay_strange_pillars, small_statue_intersection,
          uniq_crazy_yiuf_cottage, uniq_robin
D:4:      layout_basic, minmay_temple_entry_arrows

Skill      XL: |  1  2  3  4  5  6 |
---------------+-------------------+-----
Short Blades   | 4 5 |  5.2
Fighting       | 3 |  3.5
Dodging        | 5 |  5.9
Spellcasting   | 1 2 |  2.3
Stealth        | 2 |  2.3
Evocations     | |  0.6

Action                     |  1- 3 |  4- 6 || total
---------------------------+-------+-------++-------
  Melee: Short sword       |   104 |   281 ||   385
         Punch             |       |     1 ||     1
  Throw: Stone             |       |     3 ||     3
  Evoke: Wand              |     2 |     6 ||     8
    Use: Potion            |       |     1 ||     1
   Stab: Sleeping          |     1 |     1 ||     2
         Distracted        |       |     1 ||     1
 Armour: Robe              |    30 |    68 ||    98
  Dodge: Dodged            |    79 |   174 ||   253
